 Dungeon Crawl Stone Soup version 0.27.0-1-g7a089689b8 (webtiles) character file.

Game seed: 8932380330582460894

442 Spaninq the Skirmisher (level 7, -2/78 HPs)
             Began as an Ogre Necromancer on Aug 9, 2021.
             Was an Initiate of Kikubaaqudgha.
             Slain by a killer bee zombie (7 damage)
             ... on level 4 of the Dungeon.
             The game lasted 00:12:57 (5149 turns).

Spaninq the Skirmisher (Ogre Necromancer)           Turns: 5149, Time: 00:12:57

Health: -2/78      AC:  3    Str: 13 (15) XL:     7   Next: 2%
Magic:  12/12      EV:  9    Int: 14 (16) God:    Kikubaaqudgha [......]
Gold:   223        SH:  0    Dex:  6 (9)  Spells: 9/13 levels left

rFire    + . .     SeeInvis .   i - +0 spear (venom)
rCold    + . .     Faith    .   (no shield)
rNeg     . . .     Spirit   .   a - +0 robe
rPois    +         Reflect  .   (helmet restricted)
rElec    +         Harm     .   (no cloak)
rCorr    +         Rampage  .   (gloves unavailable)
Will     .....                  (boots unavailable)
Stlth    +.........             (no amulet)
HPRegen  0.23/turn              j - ring of wizardry
MPRegen  0.13/turn              (no ring)

@: resistant, very slightly contaminated, invisible
A: large, unfitting armour, tough skin 1
a: Renounce Religion


You were on level 4 of the Dungeon.
You worshipped Kikubaaqudgha.
Kikubaaqudgha was noncommittal.
You visited 2 branches of the dungeon, and saw 5 of its levels.

You collected 223 gold pieces.

Inventory:

Hand Weapons
 i - a +0 spear of venom (weapon)
Armour
 a - a +0 robe (worn)
Jewellery
 j - a ring of wizardry (left hand)
Scrolls
 c - a scroll of amnesia
 f - a scroll of brand weapon
Potions
 b - a potion of curing
 d - a potion of invisibility


   Skills:
 + Level 7.4 Fighting
 - Level 1.7 Dodging
 - Level 1.4 Stealth
 - Level 3.8 Spellcasting
 - Level 4.4 Necromancy


You had 9 spell levels left.
You knew the following spells:

 Your Spells              Type           Power      Damage    Failure   Level
a - Pain                  Necr           60%        1d7       1%          1
b - Vampiric Draining     Necr           7%         2d7       4%          3

Your spell library contained the following spells:

 Spells                   Type           Power      Damage    Failure   Level
 Animate Skeleton         Necr           30%        N/A       1%          1
 Beastly Appendage        Tmut           4%         N/A       9%          1
 Wereblood                Tmut           2%         N/A       12%         2
 Animate Dead             Necr           7%         N/A       13%         4
 Call Canine Familiar     Summ           2%         N/A       24%         3
 Portal Projectile        Hex/Tloc       4%         N/A       24%         3
 Spider Form              Tmut/Pois      1%         N/A       24%         3
 Agony                    Necr           15%        N/A       32%         5
 Leda's Liquefaction      Hex/Erth       1%         N/A       58%         4


Dungeon Overview and Level Annotations

Branches:
Dungeon (4/15)             Temple (1/1) D:4

Altars:
Ashenzari
Cheibriados
Dithmenos
Hepliaklqana
Kikubaaqudgha
Makhleb
Nemelex Xobeh
Ru
Sif Muna
Wu Jian
Yredelemnul
Zin
The Shining One

Shops:
D:3 (

Annotations:
D:3 1 runed translucent door, Crazy Yiuf


Innate Abilities, Weirdness & Mutations

You are too large for most types of armour.
You have tough skin. (AC +1)


Message History

You feel protected.
The killer bee zombie closely misses you.
The killer bee zombie barely misses you.
You fade into invisibility!
The killer bee zombie completely misses you.
The killer bee zombie barely misses you.
You are very lightly contaminated with residual magic.
The killer bee zombie hits you.
* * * LOW HITPOINT WARNING * * *
The killer bee zombie barely misses you.
The killer bee zombie closely misses you.
You strike the helpless killer bee zombie from behind!
You hit the killer bee zombie.
The killer bee zombie is severely damaged.
The killer bee zombie hits you but does no damage.
The killer bee zombie barely misses you.
You closely miss the killer bee zombie.
The killer bee zombie is severely damaged.
The killer bee zombie closely misses you. x2
You closely miss the killer bee zombie.
The killer bee zombie is severely damaged.
The killer bee zombie hits you.
* * * LOW HITPOINT WARNING * * *
The killer bee zombie hits you.
* * * LOW HITPOINT WARNING * * *
Okay, then.
Casting: Vampiric Draining (dangerous; 4% risk of failure)
Confirm with . or Enter, or press ? or * to list all spells.
Okay, then.
You hit the killer bee zombie.
The killer bee zombie is almost destroyed.
The killer bee zombie hits you.
* * * LOW HITPOINT WARNING * * *
The killer bee zombie hits you.
* * * LOW HITPOINT WARNING * * *
You barely miss the killer bee zombie.
The killer bee zombie is almost destroyed.
The killer bee zombie hits you!
You die...
Kikubaaqudgha rasps: "You have failed me!
Welcome... death!"

##### #..[......
###...###.########
#......##.#
#####.......#.#
.........[....#
####.......##########
#......## #......
#Z#...## #. #@##.##
## #.##.#######.#
#.##.........#
#.####.####.## #.##
#.# #..# #># ##.# #.#
#.# #.# #.# #.#


You could see a killer bee zombie.

Vanquished Creatures
  An ogre (D:4)
  A scorpion (D:4)
  3 hounds (D:4)
  A jelly (D:3)
  Jessica (D:3)
  An iguana (D:4)
  A hound skeleton (D:4)
  5 adders
  2 worms
  3 dart slugs (D:1)
  4 ball pythons
  5 bats
  5 endoplasms
  3 giant cockroaches (D:1)
  4 goblins
  7 hobgoblins
  3 jackals (D:2)
  7 kobolds
  4 frilled lizards
  8 rats
69 creatures vanquished.

Notes
Turn   | Place    | Note
-------+----------+-------------------------------------------
     0 | D:1      | Spaninq the Ogre Necromancer began the quest for the Orb.
     0 | D:1      | Reached XP level 1. HP: 16/16 MP: 3/3
    39 | D:1      | Reached skill level 1 in Fighting
   252 | D:1      | Reached skill level 2 in Fighting
   252 | D:1      | Reached XP level 2. HP: 25/28 MP: 1/5
   516 | D:1      | Reached skill level 3 in Fighting
   680 | D:1      | Reached XP level 3. HP: 32/37 MP: 0/6
  1113 | D:1      | Reached skill level 4 in Fighting
  2040 | D:2      | Reached XP level 4. HP: 49/49 MP: 7/7
  2234 | D:2      | Learned a level 3 spell: Vampiric Draining
  2596 | D:3      | Noticed Jessica
  2964 | D:3      | Killed Jessica
  2965 | D:3      | Reached skill level 5 in Fighting
  3039 | D:3      | Reached XP level 5. HP: 38/57 MP: 1/9
  3300 | D:3      | Found Luhelax's Antique Weapon Shop.
  3517 | D:3      | Found a faded altar of an unknown god.
  3529 | D:3      | Became a worshipper of Ru the Awakened
  3532 | D:3      | Fell from the grace of Ru
  3680 | D:3      | Found a runed translucent door.
  3681 | D:3      | Noticed Crazy Yiuf
  3928 | D:4      | Reached XP level 6. HP: 48/67 MP: 9/11
  4012 | D:4      | Reached skill level 6 in Fighting
  4363 | D:4      | Reached skill level 7 in Fighting
  4618 | D:4      | Reached XP level 7. HP: 68/78 MP: 12/12
  4706 | D:4      | Found a staircase to the Ecumenical Temple.
  4715 | Temple   | Entered the Ecumenical Temple
  4930 | Temple   | Became a worshipper of Kikubaaqudgha
  5149 | D:4      | Slain by a killer bee zombie

Illustrated notes

Levels and vault maps discovered:
D:1:      minmay_arrival_plants_in_alcoves, layout_rooms, minivault_11,
          grunt_decor_clamped
D:2:      layout_basic
D:3:      layout_basic, serial_shops, shop, ebering_ecumenical_altar_mist,
          corexii_shack, uniq_jessica, uniq_crazy_yiuf_cottage
D:4:      layout_loops_ring, minmay_temple_entry_purple_smoke, nrook_uturn
Temple:   nicolae_temple_figure_eight

Skill      XL: |  1  2  3  4  5  6 |
---------------+-------------------+-----
Fighting       | 2 3 4 5 7 |  7.4
Spellcasting   | 3 |  3.8
Necromancy     | 4 |  4.4
Dodging        | |  1.7
Stealth        | |  1.4

Action                   |  1- 3 |  4- 6 |  7- 9 || total
-------------------------+-------+-------+-------++-------
Melee: Unarmed           |     7 |       |       ||     7
       Dagger            |    16 |       |       ||    16
       Whip              |    38 |       |       ||    38
       Spear             |     1 |    90 |    18 ||   109
 Cast: Pain              |    70 |    46 |       ||   116
       Vampiric Draining |       |     5 |       ||     5
Invok: Renounce Religion |       |     1 |       ||     1
  Use: Scroll            |     1 |     6 |     1 ||     8
       Potion            |       |       |     3 ||     3
 Stab: Sleeping          |     1 |     2 |       ||     3
       Invisible         |       |       |     1 ||     1
Armor: Robe              |    24 |    32 |     4 ||    60
Dodge: Dodged            |    42 |    54 |    17 ||   113
